 Dungeon Crawl Stone Soup version 0.30.1-9-gdf580d7c3d (webtiles) character file.

Game seed: 9275570303705125938

18916 Masjack the Carver (level 12, -5/108 HPs)
             Began as a Minotaur Berserker on Oct 24, 2023.
             Was a Priest of Trog.
             Slain by a naga warrior
             ... wielding a +0 long sword
              (7 damage)
             ... on level 1 of the Snake Pit.
             The game lasted 01:02:17 (14913 turns).

Masjack the Carver (Minotaur Berserker)            Turns: 14913, Time: 01:02:18

Health: -5/108     AC: 19    Str: 30    XL:     12   Next: 31%
Magic:  0/11       EV: 11    Int:  6    God:    Trog [***...]
Gold:   669        SH: 10    Dex: 12    Spells: 11/11 levels left

rFire   + . .        Q - +10 long sword "Gram" {freeze, Int+2 Dex+2}
rCold   . . .        O - +0 kite shield of the Pink Corner {Fly rElec Str+3 Slay+2}
rNeg    . . .        x - +0 plate armour
rPois   .            (helmet restricted)
rElec   +            V - +0 cloak
rCorr   +            (no gloves)
SInv    .            j - +0 pair of boots
Will    ++...        K - amulet of guardian spirit Stlth
                     l - +5 ring of evasion
HPRegen 1.38/turn    M - ring "Zopsuboqe" {Fly rF+ rCorr}
MPRegen 0.12/turn

%: guardian spirit
@: mighty, lethally poisoned (-5 -> -6), strong-willed, on berserk cooldown,
flying, regenerating, slowed, constricted, studying Staves, very slow
A: horns 2, retaliatory headbutt
a: Renounce Religion, Berserk, Trog's Hand


You were on level 1 of the Snake Pit.
You worshipped Trog.
Trog was most pleased with you.
You visited 3 branches of the dungeon, and saw 12 of its levels.
You also visited: Sewer.

You collected 669 gold pieces.

Inventory:

Hand Weapons
 a - a +0 falchion
 p - the +5 flail of Inconvenience {drain, Drain rPois rC+}
   (You found it on level 2 of the Lair of Beasts)

   rC:        It protects you from cold.
   rPois:     It protects you from poison.
   Drain:     It drains your maximum health when unequipped.
 u - a +2 short sword of electrocution
 v - a +7 falchion of freezing
 B - a +1 short sword of holy wrath
 D - a +5 trident
 N - a +5 trident of chaos
 Q - the +10 long sword "Gram" (weapon) {freeze, Int+2 Dex+2}
   (You found it on level 8 of the Dungeon)

   Int:       It affects your intelligence (+2).
   Dex:       It affects your dexterity (+2).
 S - a +5 mace of freezing
Missiles
 e - 8 boomerangs
 n - 2 silver boomerangs
 L - 2 throwing nets
Armour
 f - a +2 scale mail of poison resistance
 j - a +0 pair of boots (worn)
 x - a +0 plate armour (worn)
 F - a +2 leather armour of willpower
 O - the +0 kite shield of the Pink Corner (worn) {Fly rElec Str+3 Slay+2}
   (You took it off a gnoll sergeant on level 7 of the Dungeon)

   Str:       It affects your strength (+3).
   Slay:      It affects your accuracy & damage with ranged weapons and melee
   (+2).
   rElec:     It insulates you from electricity.
   Fly:       It grants you flight.
 P - the +0 scale mail "Onasynlo" {Int+2 Dex-5 Stlth+}
   (You took it off a gnoll sergeant on level 7 of the Dungeon)

   Int:       It affects your intelligence (+2).
   Dex:       It affects your dexterity (-5).
   Stlth:     It makes you more stealthy.
 V - a +0 cloak (worn)
Jewellery
 l - a +5 ring of evasion (left hand)
 m - a ring of protection from cold
 J - an amulet of faith
 K - an amulet of guardian spirit (around neck)
 M - the ring "Zopsuboqe" (right hand) {Fly rF+ rCorr}
   (You took it off a gnoll on level 7 of the Dungeon)

   [ring of flight]

   rF:        It protects you from fire.
   Fly:       It grants you flight.
   rCorr:     It protects you from acid and corrosion.
Wands
 d - a wand of roots (4)
 s - a wand of flame (12)
 z - a wand of paralysis (2)
 E - a wand of mindburst (22)
 H - a wand of quicksilver (13)
 R - a wand of digging (10)
 X - a wand of polymorph (4)
Scrolls
 c - a scroll of teleportation {unknown}
 h - a scroll of acquirement {unknown}
 k - 3 scrolls of fog
 o - a scroll of silence
 t - a scroll of immolation
 w - a scroll of enchant armour {unknown}
 G - a scroll of summoning {unknown}
 T - a scroll of torment {unknown}
Potions
 b - a potion of attraction {unknown}
 g - 2 potions of might
 A - 3 potions of mutation
 C - a potion of invisibility
 I - a potion of magic
 Y - a potion of ambrosia
 Z - a potion of degeneration {unknown}


   Skills:
 + Level 10.9 Fighting
 + Level 14.9 Long Blades
 + Level 13.2 Armour
 + Level 5.5 Dodging
 + Level 2.2 Stealth
 + Level 8.3 Shields
 + Level 0.3 Evocations


You had 11 spell levels left.
You didn't know any spells.
Your spell library was empty.

Dungeon Overview and Level Annotations

Branches:
Dungeon (9/15)             Temple (0/1) D:5            Lair (2/5) D:9
  Snake (1/4) Lair:2        Sewer (visited)
  Swamp: Lair:2-3    Shoals: Lair:2-3       Orc: D:9-12

Altars:
Dithmenos
Gozag
Hepliaklqana
Kikubaaqudgha
Makhleb
Sif Muna
Trog
Xom


Innate Abilities, Weirdness & Mutations

You have a pair of horns on your head.
You reflexively headbutt those who attack you in melee.


Message History

The naga warrior is moderately wounded.
The naga warrior hits you with a +0 long sword!
The naga warrior constricts you. You block the black mamba's attack.
The naga warrior hits you but does no damage.
The naga warrior constricts you.
The black mamba bites you but does no damage.
Your skin crawls.
You feel strong-willed. You block the black mamba's attack.
The naga warrior hits you with a +0 long sword!
The naga warrior constricts you. The black mamba closely misses you.
The naga warrior hits you with a +0 long sword.
The naga warrior constricts you. The naga hits you with a +0 broad axe.
The black mamba bites you but does no damage.
You feel very mighty all of a sudden. The naga warrior barely misses you.
The naga warrior constricts you.
* * * LOW HITPOINT WARNING * * *
The black mamba bites you.
* * * LOW HITPOINT WARNING * * *
You block the naga's attack. The naga warrior spits poison at you.
You block the splash of poison. The naga warrior constricts you.
The black mamba bites you but does no damage.
A black mamba comes into view.
The naga spits poison at you.
The splash of poison hits you but does no damage.
You are poisoned.
The naga warrior hits you with a +0 long sword!
* * * LOW HITPOINT WARNING * * *
The naga warrior constricts you.
* * * LOW HITPOINT WARNING * * *
Your polar bear goes berserk!
You can no longer call in reinforcements.
You feel sick.
The black mamba hisses angrily.
The black mamba bites you!
* * * LOW HITPOINT WARNING * * *
You block the black mamba's attack.
The naga warrior hits you with a +0 long sword!
You die...

# ##....#### ##.
#.#.....[..
#....##.#......S#
#.##............#
...............#
#.............#
###...........#
..........S)..#######
#.......@N.'......
########)#.h.N.###....
#........###..........
#.###....).#..###....
#.#........##..# ...
#.)<รท......##..# ..
#....).....##... .
#.............###
#.....#########


You could see a naga warrior (fast, catching breath), 2 black mambas, a naga
(catching breath) and a friendly polar bear (summoned, berserk).

Vanquished Creatures
  A naga warrior (Snake:1)
  A two-headed ogre (D:9)
  A shock serpent (Snake:1)
  A salamander mystic (Snake:1)
  The ghost of turdburglar the Sneak, a novice DsBr of Kikubaaqudgha (D:7)
  A salamander (Snake:1)
  A guardian serpent (Lair:2)
  A naga mage (Snake:1)
  3 black mambas
  7 cane toads
  Maggie (D:9)
  A komodo dragon (Lair:2)
  3 rime drakes
  2 trolls (D:9)
  A polar bear (Lair:2)
  A hornet (D:8)
  Prince Ribbit (D:6)
  2 wyverns
  A wraith (D:8)
  18 yaks
  Menkaure (D:4)
  4 nagas (Snake:1)
  10 water moccasins
  5 black bears
  2 sky beasts (D:7)
  3 ice beasts
  Pargi (Sewer)
  7 orc warriors
  An ogre (D:6)
  3 centaurs
  4 wolves (Lair:2)
  A phantom (D:5)
  6 bullfrogs
  A kobold brigand (D:9)
  3 gnoll sergeants (D:7)
  6 scorpions
  14 wights
  A howler monkey (D:8)
  A crimson imp (D:3)
  A jelly (D:6)
  4 hounds
  2 gnoll boudas (D:7)
  11 orc priests
  2 sleepcaps
  An iguana (D:6)
  7 orc wizards
  Natasha (thrice) (D:3)
  12 gnolls (D:7)
  11 adders
  2 river rats (D:6)
  A white imp (D:8)
  A worm (D:3)
  5 dart slugs
  44 orcs
  5 ball pythons
  8 endoplasms
  15 giant cockroaches
  7 goblins
  7 hobgoblins
  4 jackals (D:4)
  11 kobolds
  8 quokkas
  6 bats
  6 frilled lizards
  8 rats
315 creatures vanquished.

Vanquished Creatures (others)
  An orc wizard (D:7)
1 creature vanquished.

Grand Total: 316 creatures vanquished

Notes
Turn   | Place    | Note
-------+----------+-------------------------------------------
     0 | D:1      | Masjack the Minotaur Berserker began the quest for the Orb.
     0 | D:1      | Reached XP level 1. HP: 19/19 MP: 0/0
   248 | D:1      | Reached skill level 4 in Long Blades
   248 | D:1      | Reached XP level 2. HP: 22/27 MP: 1/1
   754 | D:1      | Reached XP level 3. HP: 30/33 MP: 2/2
   798 | D:1      | Reached ** piety under Trog
  1768 | D:2      | Reached XP level 4. HP: 25/41 MP: 3/3
  2056 | D:2      | Reached skill level 5 in Long Blades
  2373 | D:3      | Found an ancient bone altar of Kikubaaqudgha.
  2508 | D:3      | Found a shimmering altar of Xom.
  2508 | D:3      | Found a burning altar of Makhleb.
  2519 | D:3      | Reached XP level 5. HP: 47/47 MP: 4/4
  2556 | D:3      | Found a bloodstained altar of Trog.
  2601 | D:3      | Noticed Natasha
  2606 | D:3      | Killed Natasha
  2760 | D:3      | Noticed Natasha
  2773 | D:3      | Killed Natasha
  2781 | D:3      | Reached *** piety under Trog
  2972 | D:3      | Found a shadowy altar of Dithmenos.
  3061 | D:3      | Noticed Natasha
  3070 | D:3      | Killed Natasha
  3071 | D:3      | Reached skill level 6 in Long Blades
  3185 | D:3      | Reached XP level 6. HP: 52/53 MP: 5/5
  3708 | D:4      | Noticed Menkaure
  3713 | D:4      | Killed Menkaure
  3714 | D:4      | Reached skill level 5 in Fighting
  3714 | D:4      | Reached skill level 5 in Armour
  3961 | D:5      | Entered Level 5 of the Dungeon
  3972 | D:5      | Reached XP level 7. HP: 61/61 MP: 6/6
  3975 | D:5      | Reached skill level 7 in Long Blades
  4234 | D:5      | Found an opulent altar of Gozag.
  4363 | D:5      | Found a hazy altar of Hepliaklqana.
  4715 | D:5      | Found a staircase to the Ecumenical Temple.
  4990 | D:6      | Noticed Prince Ribbit
  4997 | D:6      | Killed Prince Ribbit
  4998 | D:6      | Reached skill level 8 in Long Blades
  4998 | D:6      | Reached XP level 8. HP: 70/70 MP: 7/7
  5112 | D:6      | Reached skill level 9 in Long Blades
  5464 | D:6      | Reached skill level 1 in Stealth
  5624 | D:6      | Found a glowing drain.
  5634 | Sewer    | Entered a sewer
  5769 | Sewer    | Noticed Pargi
  5772 | Sewer    | Killed Pargi
  6164 | D:6      | Reached XP level 9. HP: 56/78 MP: 8/8
  6431 | D:7      | Reached skill level 10 in Long Blades
  6817 | D:7      | Reached **** piety under Trog
  6985 | D:7      | Found a shimmering blue altar of Sif Muna.
  7377 | D:7      | Identified the +0 scale mail "Onasynlo" {Int+2 Dex-5
                  | Stlth+}
  7377 | D:7      | Identified the +0 kite shield of the Pink Corner {Fly rElec
                  | Str+3 Slay+2}
  7386 | D:7      | Noticed turdburglar's ghost (novice DsBr)
  7666 | D:7      | Found a transporter.
  7667 | D:7      | Found a transporter.
  7799 | D:7      | Identified the ring "Zopsuboqe" {Fly rF+ rCorr}
  7929 | D:7      | Killed turdburglar's ghost
  7930 | D:7      | Reached skill level 11 in Long Blades
  8561 | D:8      | Reached skill level 10 in Armour
  8570 | D:8      | Identified the +10 long sword "Gram" {freeze, Int+2 Dex+2}
  8592 | D:8      | Reached XP level 10. HP: 87/90 MP: 9/9
  8695 | D:8      | Reached skill level 5 in Dodging
  8706 | D:8      | Reached skill level 12 in Long Blades
 10260 | D:9      | Noticed a two-headed ogre
 10264 | D:9      | Killed a two-headed ogre
 10265 | D:9      | Reached skill level 1 in Shields
 10416 | D:9      | Found a staircase to the Lair.
 10464 | D:9      | Reached XP level 11. HP: 49/97 MP: 10/10
 10470 | D:9      | Reached skill level 13 in Long Blades
 11403 | D:9      | Noticed Maggie
 11413 | D:9      | Killed Maggie
 11414 | D:9      | Reached skill level 5 in Shields
 11843 | Lair:1   | Entered Level 1 of the Lair of Beasts
 12111 | Lair:1   | Reached skill level 10 in Fighting
 12801 | Lair:1   | Reached skill level 14 in Long Blades
 13052 | Lair:2   | HP: 2/100 [komodo dragon (19)]
 13433 | Lair:2   | Identified the +0 leather armour of Grace {*Slow rN+ Int+2
                  | Dex+3}
 13527 | Lair:2   | Identified the +5 flail of Inconvenience {drain, Drain
                  | rPois rC+}
 13644 | Lair:2   | Found a staircase to the Snake Pit.
 13652 | Lair:2   | Reached XP level 12. HP: 50/107 MP: 4/11
 14631 | Snake:1  | Entered Level 1 of the Snake Pit
 14878 | Snake:1  | Noticed a naga warrior
 14896 | Snake:1  | Noticed a naga warrior
 14908 | Snake:1  | Killed a naga warrior
 14913 | Snake:1  | HP: 2/108 [black mamba (13)]
 14913 | Snake:1  | Slain by a naga warrior

Illustrated notes

Levels and vault maps discovered:
D:1:      eino_arrival_cavern_e, layout_loops_cross
D:2:      minmay_roachtagon, layout_basic
D:3:      layout_basic, grunt_temple_overflow_champion_of_chaos,
          trog_butcher_becter, lemuel_round_altar, grunt_dithmenos_smoke,
          ebering_dispersal_statue_hall, hex_medium, uniq_natasha
D:4:      layout_basic, uniq_menkaure
D:5:      layout_basic, nicolae_gozag_seed_capital, kennysheep_mini_moat,
          minmay_temple_entry_water_ring, hangedman_decor_slide_cut
D:6:      layout_loops_cross, gup_sewer_entry_bubbles, uniq_prince_ribbit1
D:7:      layout_basic, lemuel_tele_altar, gammafunk_ghost_gnarly_gnolls,
          skrybe_limestone_x
D:8:      layout_layer_cave, minmay_misc_feat_rugged, st_stairs_11,
          minmay_misc_feat_room
D:9:      layout_roguey, due_lair_maze_entry_diamond, kennysheep_generic_room_4,
          uniq_maggie
Lair:1:   layout_loops_ring, lemuel_fruit_tree
Lair:2:   layout_long_grid, minmay_snake_entry_spellcaster
Snake:1:  layout_basic, serial_shops, nicolae_shop_real_fake_doors

Skill      XL: |  1  2  3  4  5  6  7  8  9 10 11 12 |
---------------+-------------------------------------+-----
Long Blades    | 4 5 6 8 9 11 12 14 | 14.9
Fighting       | 4 5 6 8 9 10 | 10.9
Armour         | 3 4 5 6 8 10 11 12 13 | 13.2
Dodging        | 3 4 5 |  5.5
Stealth        | 1 2 |  2.2
Shields        | 4 7 8 |  8.3
Evocations     | |  0.3

Action                     |  1- 3 |  4- 6 |  7- 9 | 10-12 || total
---------------------------+-------+-------+-------+-------++-------
  Melee: Falchion          |    79 |   117 |   258 |       ||   454
         Headbutt          |    11 |    14 |    41 |    69 ||   135
         Punch             |       |     1 |     3 |       ||     4
         Long sword        |       |       |     3 |   325 ||   328
 Invoke: Berserk           |     1 |     6 |     9 |    11 ||    27
         Trog's Hand       |       |       |     2 |     6 ||     8
         Brothers in Arms  |       |       |       |     1 ||     1
  Evoke: Wand              |       |       |     2 |     3 ||     5
    Use: Scroll            |     1 |     4 |     7 |     8 ||    20
         Potion            |       |       |     8 |     7 ||    15
 Armour: Animal skin       |     3 |       |       |       ||     3
         Leather armour    |    11 |       |       |       ||    11
         Ring mail         |     1 |    10 |       |       ||    11
         Chain mail        |       |    40 |       |       ||    40
         Plate armour      |       |     4 |   104 |   100 ||   208
         Skin              |       |       |    14 |    20 ||    34
  Dodge: Dodged            |    60 |   102 |   138 |   162 ||   462
  Block: Kite shield       |       |       |     4 |   143 ||   147
